 Dungeon Sprint DCSS version 0.22.1-2-g9c5b331 (webtiles) character file.

133 diana the Covert (level 4, -1/33 HPs)
             Began as a Spriggan Assassin on Dec 21, 2018.
             Killed from afar by a wizard (28 damage)
             ... with a crystal spear
             ... in the Dungeon (Sprint III: "The Ten Rune Challenge").
             The game lasted 00:01:09 (163 turns).

diana the Covert (Spriggan Assassin)                 Turns: 163, Time: 00:01:11

Health: -1/33      AC: 22    Str:  7    XL:     4   Next: 93%
Magic:  5/5        EV:  4    Int: 12    God:
Gold:   18         SH:  0    Dex: 18    Spells: 3/3 levels left

rFire    . . .     SeeInvis +   a - +2 dagger
rCold    . . .     Gourm    .   (shield restricted)
rNeg     + + +     Faith    .   (armour currently unavailable)
rPois    +         Spirit   .   (helmet currently unavailable)
rElec    .         Reflect  .   (cloak currently unavailable)
rCorr    .         Harm     .   (gloves unavailable)
MR       .....     Clarity  +   (boots unavailable) Stlth ++++++....NoTele +
                                (no amulet)
HPRegen  0.11/turn              (no ring)
MPRegen  0.09/turn              (no ring)

@: tree-form
A: very small, unfitting armour, see invisible, clarity, herbivore, slow
metabolism 2
a: no special abilities


You were in the Dungeon.
You were not hungry.
You were a tree.
You visited 1 branch You collected 18 gold pieces.

Inventory:

Hand Weapons
 a - a +2 dagger (weapon)
 b - a +0 blowgun
Missiles
 e - 8 poisoned needles
 f - 2 curare-tipped needles
Armour
 c - a +0 robe (melded)
 d - a +0 cloak (melded)
Scrolls
 l - 2 scrolls of immolation {unknown}
 m - a scroll of blinking
 n - a scroll of identify {unknown}
 o - 4 scrolls of remove curse
 q - a scroll of torment {unknown}
Potions
 h - a potion of curing
 i - a potion of heal wounds
 j - a potion of haste
 k - 2 potions of magic
 p - 2 potions of flight
 s - 3 potions of mutation
Comestibles
 g - 5 rations


   Skills:
 - Level 1.5 Fighting
 + Level 6.5 Short Blades
 - Level 2.0 Throwing
 - Level 1.5 Dodging
 * Level 13.2 Stealth


You had 3 spell levels left.
You didn't know any spells.
Your spell library was empty.

Dungeon Overview and Level Annotations

Branches:
Dungeon (1/1)

Altars:
Kikubaaqudgha
Sif Muna
Vehumet


Innate Abilities, Weirdness & Mutations

You are very small and have problems with some larger weapons.
You are too small for most types of armour.
You have supernaturally acute eyesight. (SInv)
You are a herbivore.
((You cover ground extremely quickly.))
You need to consume almost no food.
((You are partially covered in icy blue scales. (AC +2)))
You possess an exceptional clarity of mind.


Message History

The wizard hits you but does no damage.
The ufetubus hits you but does no damage. x2
You hit the wizard.
The wizard is heavily wounded.
The crimson imp hits you but does no damage.
The ufetubus hits you but does no damage. x2
The wizard hits you but does no damage.
The kobold demonologist looks encouraged for a moment.
You closely miss the wizard.
The wizard is heavily wounded.
The ufetubus hits you.
The ufetubus hits you but does no damage.
The crimson imp hits you but does no damage.
You barely miss the wizard.
The wizard is heavily wounded.
The ufetubus hits you but does no damage. x2
The wizard casts a spell at you.
Helpless, you fail to dodge the crystal spear.
Ouch! That really hurt!
You die...

.#......#####..#
##.......#..#..#
.##.##...#..#..###+#+###
.##.###..##'#..#........
####.##..###...'.⌠......
##..##..####...#...####
....##..###....#.⌠.#
#..##...##.....#5..#
..##....#......#♣###
.###..##.#..†..#5p:# .#
#..#####....#K5_# ▓▓
▓▓▓▓ ▓▓▓▓▓▓▓▓▓▓


You could see a wizard, a kobold demonologist, a crimson imp and 2 ufetubi.

Vanquished Creatures
  A water elemental (D)
  A scorpion (D)
  A human (D)
  2 oozes (D)
  2 rats (D)
7 creatures vanquished.

Vanquished Creatures (others)
  6 hellions (D)
6 creatures vanquished.

Grand Total: 13 creatures vanquished

Notes
Turn   | Place    | Note
-------+----------+-------------------------------------------
     0 | D        | diana the Spriggan Assassin began the quest for the Orb.
     0 | D        | Reached XP level 1. HP: 10/10 MP: 2/2
     9 | D        | Reached skill level 7 in Stealth
    11 | D        | Reached skill level 8 in Stealth
    11 | D        | Reached XP level 2. HP: 14/14 MP: 3/3
    52 | D        | Noticed a scorpion
    55 | D        | Killed a scorpion
    55 | D        | Reached skill level 5 in Short Blades
    55 | D        | Reached skill level 11 in Stealth
    55 | D        | Reached XP level 3. HP: 18/18 MP: 4/4
    64 | D        | Reached XP level 4. HP: 22/22 MP: 5/5
    82 | D        | Gained mutation: You are agile. (Dex +2) [potion of
                  | mutation]
    82 | D        | Lost mutation: You are agile. (Dex +2) [potion of mutation]
    82 | D        | Gained mutation: You possess an exceptional clarity of
                  | mind. [potion of mutation]
    82 | D        | Gained mutation: You are partially covered in icy blue
                  | scales. (AC +2) [potion of mutation]
    89 | D        | Killed a hellion
   125 | D        | Killed a hellion
   126 | D        | Killed a hellion
   137 | D        | Killed a hellion
   139 | D        | Killed a hellion
   147 | D        | Noticed a water elemental
   149 | D        | Killed a water elemental
   149 | D        | Reached skill level 13 in Stealth
   152 | D        | Found a radiant altar of Vehumet.
   152 | D        | Found a deep blue altar of Sif Muna.
   152 | D        | Found an ancient bone altar of Kikubaaqudgha.
   152 | D        | Noticed a wizard
   154 | D        | Killed a hellion
   163 | D        | Killed from afar by a wizard

Skill      XL: |  1  2  3  4 |
---------------+-------------+-----
Short Blades   | 3 5 6 |  6.5
Stealth        | 8 11 13 | 13.2
Fighting       | |  1.5
Throwing       | |  2.0
Dodging        | |  1.5

Action                   |  1- 3 |  4- 6 || total
-------------------------+-------+-------++-------
Melee: Dagger            |    12 |     9 ||    21
  Use: Potion            |     1 |     3 ||     4
 Stab: Sleeping          |     5 |     1 ||     6
Armor: Skin              |       |    19 ||    19
Dodge: Dodged            |     1 |     2 ||     3
